 Dungeon Crawl Stone Soup version 0.28.0-1-gb440e238dd (webtiles) character file.

Game seed: 7929767334791437421

5 themarg the Conjurer (level 1, -11/10 HPs)
             Began as a Tengu Conjurer on Feb 21, 2022.
             Mangled by a goblin (18 damage)
             ... on level 1 of the Dungeon.
             The game lasted 00:02:19 (298 turns).

themarg the Conjurer (Tengu Conjurer)                Turns: 298, Time: 00:02:20

Health: -11/10     AC:  3    Str:  7    XL:     1   Next: 80%
Magic:  3/4        EV: 12    Int: 18    God:
Gold:   15         SH:  0    Dex: 12    Spells: 3/4 levels left

rFire   . . .      SeeInvis .   f - +0 short sword
rCold   . . .      Faith    .   (no shield)
rNeg    . . .      Spirit   .   d - +1 robe {Will+}
rPois   .          Reflect  .   (helmet restricted)
rElec   .          Harm     .   (no cloak)
rCorr   .          Rampage  .   (no gloves)
Will    +....                   (boots unavailable)
Stlth   ++........              (no amulet)
HPRegen 0.03/turn               (no ring)
MPRegen 0.09/turn               (no ring)

@: no status effects
A: beak, talons 3
a: no special abilities


You were on level 1 of the Dungeon.
You visited 1 branch of the dungeon, and saw 1 of its levels.

You collected 15 gold pieces.

Inventory:

Hand Weapons
 f - a +0 short sword (weapon)
Missiles
 g - 18 stones
Armour
 d - a +1 robe of willpower (worn)
Scrolls
 b - 3 scrolls of identify {unknown}
 c - a scroll of magic mapping {unknown}
Potions
 e - a potion of degeneration {unknown}


   Skills:
 + Level 2.2 Dodging
 + Level 2.0 Stealth
 + Level 2.0 Spellcasting
 + Level 5.6 Conjurations


You had 3 spell levels left.
You knew the following spells:

 Your Spells              Type           Power      Damage    Failure   Level
a - Magic Dart            Conj           88%        1d7       1%          1

Your spell library contained the following spells:

 Spells                   Type           Power      Damage    Failure   Level
 Searing Ray              Conj           44%        2d6       2%          2
 Dazzling Flash           Conj/Hex       24%        N/A       17%         3
 Fulminant Prism          Conj/Hex       6%         3d7       50%         4
 Iskenderun's Mystic Bla  Conj/Tloc      12%        2d5       50%         4


Dungeon Overview and Level Annotations

Branches:
Dungeon (1/15)

Altars:


Innate Abilities, Weirdness & Mutations

You have a beak for a mouth.
You have claws for feet.


Message History

You kill the kobold!
A kobold comes into view. It is wielding a +0 dagger.
There is an open door here.
You see here 16 stones.
You start resting.
Magic restored.
Things that are here:
a +0 short sword; 2 stones
f - a +0 short sword;
g - 2 stones
f - a +0 short sword (weapon)
Unknown command.
You drop a +0 whip.
You open the door.
There is an open door here.
g - 18 stones (gained 16)
Found an escape hatch in the floor.
Found an embroidered robe.
You see here a +1 robe of willpower.
d - a +1 robe of willpower You start removing your armour.
You continue taking off your +0 robe. x4
You finish taking off your +0 robe.
You start putting on your armour.
You continue putting on your +1 robe of willpower. x5
You finish putting on your +1 robe of willpower.
You feel strong-willed.
You drop a +0 robe.
A goblin comes into view.
It is wielding a +2 dagger of electrocution.
The goblin shouts!
The goblin moves out of view.
Casting: Magic Dart (safe; 1% risk of failure)
Confirm with . or Enter, or press ? or * to list all spells.
Aiming: Magic Dart (safe; 1% risk of failure)
Press: ? - help, Shift-Dir - straight line, f - goblin
Aim: a goblin, wielding a +2 dagger of electrocution (100% to hit)
The magic dart hits the goblin.
The goblin is severely wounded.
The goblin hits you with a +2 dagger of electrocution.
You are electrocuted!!
Ouch! That really hurt!
You die...

######+####
#.........##############
#............[.........#
#......@..############..
##....g#### #.....
#..... #..... #.....
#..... #..... #.....
###### ####.. #.. #..
#..


You could see a goblin.

Vanquished Creatures
  An endoplasm (D:1)
  A goblin (D:1)
  A bat (D:1)
  A frilled lizard (D:1)
  A kobold (D:1)
  A rat (D:1)
6 creatures vanquished.

Notes
Turn   | Place    | Note
-------+----------+-------------------------------------------
     0 | D:1      | themarg the Tengu Conjurer began the quest for the Orb.
     0 | D:1      | Reached XP level 1. HP: 10/10 MP: 4/4
   298 | D:1      | Mangled by a goblin

Illustrated notes

Levels and vault maps discovered:
D:1:      dpeg_arrival_stonehenge_8_columns, layout_basic,
          hangedman_decor_points

Action                   || total
-------------------------++-------
Melee: Whip              ||     2
       Kick              ||     1
 Cast: Magic Dart        ||    11
Armor: Robe              ||     1
Dodge: Dodged            ||     1
